 Dungeon Crawl Stone Soup version 0.27-a0-1200-g94dc6ad4cf (webtiles) character file.

Game seed: 8081733123165981310

289 Patoropollo the Magician (level 6, -5/40 HPs)
             Began as a Djinni Conjurer on May 31, 2021.
             Slain by Edmund
             ... wielding a +3 flail of protection
              (6 damage)
             ... on level 4 of the Dungeon.
             The game lasted 00:10:24 (4280 turns).

Patoropollo the Magician (Djinni Conjurer)          Turns: 4280, Time: 00:10:25

Health: -5/40      AC:  3    Str:  6    XL:     6   Next: 57%
Gold:   133        EV: 12    Int: 22    God:
                   SH:  0    Dex: 11

rFire    + + .     SeeInvis .   (no weapon)
rCold    x . .     Faith    .   (no shield)
rNeg     . . .     Spirit   .   a - +0 robe
rPois    ∞         Reflect  .   (no helmet)
rElec    .         Harm     .   (no cloak)
rCorr    .         Rampage  .   c - +0 pair of gloves
Will     .....                  (boots unavailable)
Stlth    ++........             (no amulet)
HPRegen  0.13/turn              (no ring)
MPRegen  0.00/turn              (no ring)

@: flying
A: sickness immunity, fire resistance 2, cold vulnerability 1, float, innate
caster, hp casting, extra vitality 1
a: no special abilities


You were on level 4 of the Dungeon.
You visited 1 branch of the dungeon, and saw 4 of its levels.

You collected 133 gold pieces.

Inventory:

Armour
 a - a +0 robe (worn)
 c - a +0 pair of gloves (worn)
Jewellery
 f - an amulet of faith
 i - a +4 ring of protection
Wands
 n - a wand of digging (6)
Scrolls
 b - a scroll of blinking {unknown}
 d - a scroll of enchant weapon {unknown}
 e - 2 scrolls of vulnerability {unknown}
 h - 2 scrolls of silence {unknown}
 j - a scroll of fear {unknown}
 k - 2 scrolls of noise {unknown}
 l - a scroll of magic mapping {unknown}
 m - a scroll of teleportation {unknown}
 p - a scroll of brand weapon {unknown}
 q - 2 scrolls of identify {unknown}
Potions
 g - a potion of might {unknown}
 o - a potion of brilliance {unknown}


   Skills:
 - Level 2.1 Dodging
 - Level 1.5 Stealth
 + Level 5.8 Spellcasting


You couldn't memorise any spells.
You knew the following spells:

 Your Spells              Type           Power      Damage    Failure   Level
a - Magic Dart            Conj           100%       1d8       1%          1
b - Searing Ray           Conj           62%        3d5       1%          2
c - Dazzling Flash        Conj/Hex       62%        N/A       2%          3
d - Fulminant Prism       Conj/Hex       15%        3d11      9%          4
e - Iskenderun's Mystic   Conj/Tloc      31%        2d8       9%          4
f - Corona                Hex            34%        N/A       1%          1
g - Wereblood             Tmut           31%        N/A       1%          2
Your spell library was empty.

Dungeon Overview and Level Annotations

Branches:
Dungeon (4/15)
 Temple: D:4-7

Altars:
Sif Muna
Wu Jian

Shops:
D:2 *?(

Annotations:
D:4 Edmund


Innate Abilities, Weirdness & Mutations

You are immune to sickness and miasma.
You are immune to poison.
Your flesh is very heat resistant. (rF++)
You are vulnerable to cold. (rC-)
You float through the air rather than walking.
You learn spells naturally, not from books.
Your magical power is your life essence.
You have superior vitality. (+4 HP)


Message History

The searing ray hits the hobgoblin.
You kill the hobgoblin!
Casting: Searing Ray (safe; 1% risk of failure)
Confirm with . or Enter, or press ? or * to list all spells.
Aiming: Searing Ray (safe; 1% risk of failure)
Press: ? - help, Shift-Dir - straight line, f/p - Edmund
Aim: Edmund, wielding a +3 flail of protection and wearing a +0 ring mail (moderately wounded, 82% to hit)
The searing ray hits Edmund.
Edmund is moderately wounded. (Press . to maintain the ray.) Edmund hits you with a +3 flail of protection!
The searing ray hits Edmund.
Edmund is heavily wounded.
Edmund misses you.
The searing ray hits Edmund but does no damage.
Edmund is heavily wounded.
Edmund hits you with a +3 flail of protection.
The searing ray hits Edmund!
Edmund is severely wounded.
You finish channeling your searing ray.
Edmund misses you.
Casting: Searing Ray (safe; 1% risk of failure)
Confirm with . or Enter, or press ? or * to list all spells.
Aiming: Searing Ray (safe; 1% risk of failure)
Press: ? - help, Shift-Dir - straight line, f/p - Edmund
Aim: Edmund, wielding a +3 flail of protection and wearing a +0 ring mail (severely wounded, 82% to hit)
The searing ray misses Edmund. (Press . to maintain the ray.) Edmund closely misses you.
The searing ray hits Edmund.
Edmund is almost dead.
Edmund hits you with a +3 flail of protection.
* * * LOW HITPOINT WARNING * * *
The searing ray hits Edmund.
Edmund is almost dead.
* * * LOW HITPOINT WARNING * * *
Edmund hits you with a +3 flail of protection!
* * * LOW HITPOINT WARNING * * *
Without enough magic to sustain it, your searing ray dissipates.
Edmund hits you with a +3 flail of protection.
You die...

#..#########.###.# #..
#........# ####
#....[...#+#....
#...............
#######...............
........##+###........
#######.# #........
...###.##+###........
............@@...[....
.............#........
.............##....(..
.............# #######
.............#
.............#
.......(.....#
......).....#


You could see Edmund.

Vanquished Creatures
  A phantom (D:2)
  A scorpion (D:4)
  4 gnolls (D:4)
  4 adders
  A worm (D:2)
  3 dart slugs
  4 orcs (D:2)
  11 endoplasms
  3 giant cockroaches
  6 goblins
  2 hobgoblins
  4 jackals (D:3)
  6 kobolds
  9 ball pythons
  5 bats
  2 frilled lizards (D:1)
  5 rats
71 creatures vanquished.

Notes
Turn   | Place    | Note
-------+----------+-------------------------------------------
     0 | D:1      | Patoropollo the Djinni Conjurer began the quest for the
                  | Orb.
     0 | D:1      | Reached XP level 1. HP: 15/15 MP: 0/0
   451 | D:1      | Reached XP level 2. HP: 16/21 MP: 0/0
  1245 | D:1      | Reached XP level 3. HP: 15/25 MP: 0/0
  1245 | D:1      | Learned a level 1 spell: Corona
  1708 | D:2      | Found Soshri's General Store.
  1764 | D:2      | Reached skill level 4 in Spellcasting
  2118 | D:2      | Noticed a phantom
  2129 | D:2      | Killed a phantom
  2130 | D:2      | Reached XP level 4. HP: 14/31 MP: 0/0
  2130 | D:2      | Reached XP level 5. HP: 16/35 MP: 0/0
  2130 | D:2      | Learned a level 2 spell: Wereblood
  2405 | D:2      | Found Yripp's Weapon Boutique.
  2663 | D:2      | Reached skill level 5 in Spellcasting
  3029 | D:2      | Found Iroukosm's Magic Scroll Emporium.
  3655 | D:3      | Found an ornate altar of the Wu Jian Council.
  4004 | D:4      | Reached XP level 6. HP: 36/40 MP: 0/0
  4265 | D:4      | Noticed Edmund
  4279 | D:4      | HP: 1/40 [Edmund/+3 flail of protection (10)]
  4280 | D:4      | Slain by Edmund

Illustrated notes

Levels and vault maps discovered:
D:1:      tarquinn_simple_flora_water_c, layout_basic
D:2:      layout_basic, basic_altar, serial_shops, shop_fountains,
          nicolae_shop_temple_entry_statues_fountains, shop,
          minmay_misc_feat_enclosed, wad_orctagon
D:3:      layout_rooms, nzn_wu_jian_contemplation
D:4:      layout_basic, uniq_edmund

Skill      XL: |  1  2  3  4  5 |
---------------+----------------+-----
Spellcasting   | 4 5 |  5.8
Dodging        | |  2.1
Stealth        | |  1.5

Action                   |  1- 3 |  4- 6 || total
-------------------------+-------+-------++-------
Melee: Unarmed           |       |     3 ||     3
 Cast: Magic Dart        |    70 |    54 ||   124
       Searing Ray       |     1 |    14 ||    15
 Stab: Sleeping          |       |     1 ||     1
Armor: Robe              |     1 |     1 ||     2
Dodge: Dodged            |     7 |     7 ||    14

Table legend: (Time is in decaauts)
 A = Elapsed time spent in this place.
 B = Non-inter-level travel time spent in this place.
 C = Inter-level travel time spent in this place.
 D = Time resting spent in this place.
 E = Time spent auto-exploring this place.
 F = Levels seen in this place.
 G = Mean time per level.
                   A        B        C        D        E       F      G
               +--------+--------+--------+--------+--------+-----+--------+
         Total |   4279 |   4236 |     43 |      0 |   3940 |   4 | 1069.8 |
       Dungeon |   4279 |   4236 |     43 |      0 |   3940 |   4 | 1069.8 |
               +--------+--------+--------+--------+--------+-----+--------+

Top non-repeatable levels by time:
     D:2: 1678 daAuts
     D:1: 1562 daAuts
     D:3: 700 daAuts
     D:4: 337 daAuts
